Map: Cinder Fortress

Players

A.I. 1 (Hard) - Winner!

  • Race: Terran Terran
  • Spawn Location: 12:00

larsgj

  • Race: Terran Terran
  • Spawn Location: 5:00

VOD

Have the link to the VOD?

Description

Time

  • Played on: June 19, 2020, 2:04 p.m.
  • Length: 17:42
Show
View Real Time Build Order
Export as new Build Order

A.I. 1 (Hard) Terran - Winner!

Build Orders:  

Get SALT Encoding   

  12  0:00  SCV  
  13  0:13  SCV  
  14  0:18  Supply Depot  
  14  0:25  SCV  
  15  0:40  SCV  
  16  0:45  Barracks  
  16  0:48  Refinery  
  16  0:52  SCV  
  17  1:04  SCV  
  18  1:16  SCV  
  19  1:19  Supply Depot  
  19  1:28  SCV  
  19  1:32  Marine  
  21  1:39  Barracks  
  21  1:40  Orbital Command  
  21  1:47  Refinery  
  21  1:50  Barracks Tech Lab  
  21  2:06  Supply Depot  
  21  2:08  Marine  
  22  2:25  Marine  
  22  2:26  Marine  
  24  2:38  Supply Depot  
  24  2:43  Marine  
  24  2:44  Marine  
  26  2:53  SCV  
  27  3:01  Marine  
  27  3:02  Marine  
  27  3:05  Engineering Bay, SCV  
  30  3:17  SCV  
  30  3:19  Marine  
  32  3:20  Marauder  
  32  3:22  Supply Depot  
  34  3:29  SCV  
  35  3:41  SCV, Marauder  
  38  3:53  SCV  
  41  4:03  Marauder  
  43  4:24  Marauder  
  43  4:54  Barracks Tech Lab  
  43  4:55  Stimpack, Marine, Terran Infantry Weapons Level 1  
  43  4:58  Factory  
  44  5:00  Factory  
  44  5:07  Missile Turret  
  44  5:12  Combat Shield  
  44  5:13  Missile Turret  
  44  5:14  Marauder  
  46  5:21  Marauder  
  48  5:34  Bunker  
  48  5:44  Barracks, Command Center  
  48  5:49  Factory Tech Lab x2, Ghost Academy  
  48  5:53  Starport  
  48  5:55  Supply Depot  
  48  6:00  Starport  
  48  6:20  Ghost  
  50  6:31  Concussive Shells  
  50  6:32  Starport Tech Lab  
  50  6:36  Starport Tech Lab  
  50  6:49  Terran Infantry Armor Level 1  
  52  6:56  SCV  
  52  6:58  SCV  
  52  7:00  Raven  
  54  7:04  Missile Turret, Refinery  
  54  7:05  Missile Turret  
  54  7:08  SCV, Refinery  
  54  7:10  SCV  
  58  7:17  Raven  
  58  7:20  SCV  
  58  7:22  SCV  
  60  7:25  Bunker  
  60  7:29  Sensor Tower  
  60  7:32  SCV  
  60  7:34  SCV  
  62  7:45  SCV  
  62  7:46  Armory, SCV  
  62  7:47  Barracks Reactor  
  64  7:57  SCV  
  66  7:58  SCV  
  66  8:09  SCV  
  66  8:10  SCV  
  68  8:21  SCV  
  68  8:22  SCV  
  68  8:26  Supply Depot  
  70  8:33  SCV  
  71  8:34  SCV  
  72  8:45  SCV  
  72  8:46  SCV  
  74  8:57  Medivac x2, Reaper  
  74  8:58  Terran Infantry Weapons Level 2  
  74  8:59  Supply Depot  
  74  9:01  Marine  
  80  9:04  Marine  
  80  9:08  Marine  
  82  9:17  Engineering Bay  
  82  9:21  Marine  
  82  9:22  Supply Depot  
  83  9:24  Marine, Terran Vehicle Weapons Level 1  
  83  9:27  Medivac, Command Center  
  83  9:28  Marine  
  89  9:32  Reaper  
  89  9:36  Raven  
  90  9:40  Marine  
  90  9:42  Terran Infantry Armor Level 2  
  90  9:43  Marine  
  87  9:47  Marine  
  79  9:58  Marine  
  76  10:01  Marine  
  76  10:03  Ghost  
  76  10:05  Marine  
  74  10:15  Marine  
  74  10:19  Marine  
  76  10:23  Marine  
  76  10:25  Fusion Core  
  77  10:32  Marine  
  77  10:34  Marauder  
  77  10:35  Armory  
  80  10:39  SCV  
  80  10:41  SCV  
  80  10:42  SCV  
  83  10:50  Marauder, Missile Turret  
  83  10:51  SCV  
  83  10:53  SCV, Missile Turret  
  83  10:55  SCV, Marauder  
  83  10:56  Refinery  
  90  10:58  Refinery  
  90  11:03  SCV  
  91  11:05  SCV  
  91  11:07  SCV  
  93  11:12  Marauder  
  93  11:15  SCV  
  93  11:16  Bunker  
  93  11:17  Marauder  
  93  11:18  SCV  
  99  11:19  Terran Ship Weapons Level 1, SCV  
  99  11:22  Terran Vehicle And Ship Armor Level 1  
  100  11:28  SCV  
  100  11:30  SCV  
  102  12:23  Thor, Hi-Sec Auto Tracking  
  102  12:24  Supply Depot  
  102  12:27  Banshee  
  111  12:31  Liberator  
  114  12:45  Thor  
  114  12:46  Supply Depot  
  120  13:08  Marine  
  120  13:10  Viking  
  120  13:11  Supply Depot  
  116  13:13  Marine, Terran Ship Weapons Level 2  
  116  13:17  Marine  
  116  13:18  Terran Vehicle And Ship Armor Level 2  
  116  13:21  Marine  
  116  13:23  Raven  
  116  13:26  Marine  
  108  13:31  Marine  
  109  13:35  Marine  
  109  13:36  Supply Depot  
  110  13:49  Raven  
  110  13:57  Banshee  
  113  14:08  Terran Infantry Weapons Level 3  
  113  14:09  Marine  
  113  14:13  Marine  
  109  14:17  Marine  
  109  14:22  Marine  
  109  14:23  Terran Infantry Armor Level 3  
  113  14:31  Raven  
  113  14:33  Command Center  
  113  14:38  Rapid Reignition System  
  113  14:40  Battlecruiser  
  119  15:05  Medivac  
  121  15:35  Liberator, Advanced Ballistics  
  124  16:00  Refinery  
  126  16:04  Hellion  
  126  16:07  Missile Turret, Siege Tank  
  126  16:09  Missile Turret  
  126  16:10  Refinery  
  129  16:14  Supply Depot  
  129  16:25  Siege Tank  
  132  16:30  Bunker  
  132  16:39  Hellion, Supply Depot  
  129  16:50  Marine  
  127  16:57  Siege Tank  
  127  17:01  Siege Tank  
  127  17:15  Marine  
Show
View Real Time Build Order
Export as new Build Order

larsgj Terran 

Build Orders:  

Get SALT Encoding   

  12  0:07  SCV  
  13  0:19  SCV, Supply Depot  
  14  0:29  Supply Depot  
  14  0:34  SCV  
  15  0:45  Barracks  
  15  0:49  SCV  
  16  0:58  Refinery  
  16  1:01  SCV  
  17  1:13  SCV  
  18  1:18  Refinery  
  18  1:25  SCV  
  18  1:32  Barracks  
  19  1:36  Marine  
  19  1:38  SCV  
  21  1:50  SCV  
  22  1:55  Supply Depot  
  22  2:02  SCV  
  23  2:14  SCV  
  24  2:26  SCV  
  25  2:36  Marine x2  
  27  2:38  SCV  
  28  2:50  SCV  
  29  2:51  Engineering Bay  
  29  2:54  Marine x2  
  31  3:02  SCV  
  32  3:11  Marine  
  32  3:12  Marine  
  34  3:13  Bunker  
  34  3:18  Bunker  
  34  3:28  Supply Depot  
  34  3:29  Marine x2, SCV  
  37  3:42  Supply Depot  
  37  3:44  SCV  
  37  3:45  Bunker  
  38  3:50  Bunker  
  38  3:55  Supply Depot  
  38  3:57  SCV  
  38  4:00  Terran Infantry Weapons Level 1  
  39  4:09  SCV  
  40  4:12  Factory  
  40  4:27  Marine  
  40  4:29  Marine  
  42  4:35  Supply Depot  
  42  4:45  Marine  
  43  4:58  Supply Depot  
  43  5:00  Bunker  
  43  5:06  Marine  
  44  5:11  Barracks Tech Lab  
  44  5:18  SCV  
  44  5:20  Supply Depot  
  45  5:24  Marine  
  46  5:30  Bunker, SCV  
  47  5:51  Command Center  
  47  5:54  Terran Infantry Armor Level 1  
  47  6:00  Bunker  
  47  6:02  Marine x2  
  49  6:19  Marine  
  49  6:20  Marauder  
  52  6:37  Marine  
  53  6:42  Marauder  
  53  6:43  Orbital Command  
  55  7:03  Marauder  
  55  7:06  SCV  
  58  7:13  Refinery  
  58  7:18  SCV  
  58  7:19  Refinery  
  59  7:24  Marauder  
  59  7:29  Marine  
  62  7:30  SCV  
  63  7:43  SCV  
  64  7:46  Marauder, Marine  
  64  7:49  Hi-Sec Auto Tracking  
  67  7:55  SCV  
  68  8:04  Marine  
  69  8:07  Marauder  
  71  8:22  Marine  
  71  8:23  SCV  
  73  8:28  Marine  
  74  8:35  SCV  
  74  8:40  Marine  
  76  8:46  Marine, Neosteel Armor  
  76  8:48  SCV  
  78  8:49  Supply Depot  
  78  9:00  SCV  
  79  9:12  SCV  
  80  9:20  Missile Turret  
  80  9:27  SCV  
  81  9:41  Missile Turret  
  80  9:50  Marauder  
  75  9:53  Barracks Tech Lab  
  72  10:01  Missile Turret  
  71  10:11  Bunker, Marauder  
  73  10:22  Missile Turret  
  73  10:27  Combat Shield  
  73  10:30  Armory  
  73  10:31  Concussive Shells  
  73  10:33  Marauder  
  75  10:42  Bunker  
  75  10:43  Missile Turret  
  75  10:54  Marauder  
  77  11:04  Missile Turret  
  77  11:05  SCV  
  78  11:13  Bunker  
  78  11:16  Marauder  
  78  11:17  SCV, Starport  
  81  11:24  Missile Turret  
  81  11:27  Starport  
  81  11:29  SCV  
  82  11:34  Terran Infantry Weapons Level 2  
  82  11:37  Terran Vehicle Weapons Level 1  
  82  11:41  SCV  
  82  11:44  Missile Turret  
  83  11:53  SCV, Command Center, Starport  
  84  11:57  Marine  
  84  11:58  Marauder  
  87  12:04  Starport  
  87  12:05  Missile Turret  
  87  12:15  Marine  
  88  12:19  Marauder  
  88  12:20  Missile Turret  
  90  12:26  Missile Turret  
  90  12:33  Marine  
  91  12:40  Marauder  
  91  12:41  Missile Turret  
  91  12:43  Starport Tech Lab x2  
  91  12:44  Starport Tech Lab  
  93  12:46  Missile Turret  
  93  12:50  Marine  
  94  12:55  Starport Tech Lab  
  94  13:02  Fusion Core, Marauder, Missile Turret  
  95  13:08  Marine  
  88  13:23  Marauder  
  88  13:25  Missile Turret  
  82  13:31  Marine, Terran Vehicle And Ship Armor Level 1  
  71  13:44  Marine  
  71  13:49  Marine, Viking x4  
  71  13:50  Terran Infantry Armor Level 2  
  80  14:02  Marine  
  80  14:07  Marine  
  71  14:20  Marine  
  80  14:25  Marine  
  81  14:37  Marine  
  82  14:41  Command Center  
  82  14:43  Battlecruiser x4, Marine  
  99  14:53  Weapon Refit  
  99  15:12  Marine  
  99  15:13  Marauder  
  102  15:26  Terran Ship Weapons Level 1  
  102  15:30  Refinery  
  102  15:31  Marauder  
  102  15:34  Marine  
  102  15:35  Refinery  
  105  15:52  Marine, Marauder  
  105  15:53  Battlecruiser x2  
  105  15:55  Supply Depot  
  120  16:08  Orbital Command  
  120  16:17  Supply Depot  
  120  16:40  Supply Depot  
  78  17:02  Supply Depot  
  68  17:24  Supply Depot  
Tags
 
Matchup
TvT
Race
Terran
Replay Pack
Multiplayer
Spawn Locations
Cross Positions
Add a new tag
Caveats
  • Supply blocks, unpowered buildings, or Contaminate may cause inaccurate times.
  • Supply counts are checked every 10 seconds.